 Dungeon Crawl Stone Soup version 0.30-a0-381-g6ea064c7b4 (webtiles) character file.

Game seed: 15472402422303976798

324 Raultor the Changer (level 6, -1/41 HPs)
             Began as an Octopode Transmuter on Dec 1, 2022.
             Slain by a gnoll
             ... wielding a +0 spear
              (4 damage)
             ... on level 4 of the Dungeon.
             The game lasted 00:12:24 (3021 turns).

Raultor the Changer (Octopode Transmuter)           Turns: 3021, Time: 00:12:25

Health: -1/41      AC:  1    Str: 15    XL:     6   Next: 48%
Magic:  6/9        EV: 13    Int: 18    God:
Gold:   100        SH:  0    Dex: 12    Spells: 2/9 levels left

rFire   . . .      SeeInvis +      - Unarmed
rCold   . . .      Faith    .    (no shield)
rNeg    . . .      Spirit   .    (helmet currently unavailable)
rPois   .          Reflect  .    (no amulet)
rElec   .          Harm     .    S - +6 ring of strength
rCorr   .          Rampage  .    v - ring of see invisible
Will    .....                    (no ring)
Stlth   ++........               (no ring)
HPRegen 0.26/turn                (no ring)
MPRegen 0.11/turn                (no ring)
                                 (no ring)
                                 (no ring)

@: appendages, wereblooded
A: tentacle spike 3, almost no armour, amphibious, 8 rings, camouflage 1,
gelatinous body 1, (nimble swimmer 1), tentacles
a: End Transformation


You were on level 4 of the Dungeon.
One of your tentacles had grown a beastly spike.
You visited 1 branch of the dungeon, and saw 4 of its levels.

You collected 100 gold pieces.


Innate Abilities, Weirdness & Mutations

One of your tentacles has grown a beastly spike.
You cannot wear most types of armour.
You are amphibious.
You can wear up to eight rings at the same time.
Your skin changes colour to match your surroundings (Stealth+).
Your rubbery body absorbs attacks. (AC +1, EV +1)
((You are camouflaged when in or above water. (Stealth+)))
You have tentacles for arms and can constrict up to eight enemies at once.


   Skills:
 + Level 2.9 Fighting
 - Level 2.0 Dodging
 + Level 4.1 Unarmed Combat
 - Level 2.0 Spellcasting
 * Level 4.5 Transmutations
 * Level 2.2 Ice Magic


You had 2 spell levels left.
You knew the following spells:

 Your Spells              Type           Power      Damage    Failure   Level
b - Beastly Appendage     Tmut           36%        N/A       2%          1
c - Ice Form              Ice/Tmut       14%        N/A       41%         4
w - Wereblood             Tmut           18%        N/A       4%          2

Your spell library contained the following spells:

 Spells                   Type           Power      Damage    Failure   Level
 Ozocubu's Armour         Ice            9%         N/A       22%         3
 Spider Form              Tmut/Pois      10%        N/A       22%         3
 Ozocubu's Refrigeration  Ice            4%         4d8       100%        7

Inventory:

Magical Staves
 p - a staff of cold {!a}
 t - a staff of poison {!a}
Jewellery
 v - a ring of see invisible (right tentacle)
 S - a +6 ring of strength (left tentacle)
Wands
 q - a wand of polymorph (15)
Scrolls
 b - a scroll of silence {unknown}
 c - 2 scrolls of teleportation {unknown}
 f - 2 scrolls of vulnerability {unknown}
 g - 2 scrolls of butterflies {unknown}
 j - a scroll of brand weapon {unknown}
 k - a scroll of torment {unknown}
 l - a scroll of fear {unknown}
 m - a scroll of enchant weapon {unknown}
 n - a scroll of magic mapping {unknown}
 o - a scroll of summoning
 r - a scroll of enchant armour {unknown}
Potions
 a - 2 potions of lignification
 d - a potion of flight
 h - 2 potions of curing {unknown}
 i - 2 potions of degeneration {unknown}
 s - a potion of mutation
 u - a potion of might

Dungeon Overview and Level Annotations

Branches:
Dungeon (4/15)
 Temple: D:4-7

Altars:
Nemelex Xobeh

Shops:
D:3

*
##################
.........g...g...#
################g#
#g# #.#
#########@#
........#g######
[.#####..B.......
#####..........
+...'..........
..#####..........
.>.....<.....#...
#####.#......#...
#>....#### ..


You could see 2 gnolls, a giant cockroach (summoned) and a hobgoblin.


Message History

A hobgoblin comes into view.
Casting: Beastly Appendage (safe; 2% risk of failure)
Confirm with . or Enter, or press ? or * to list all spells.
Your blood is infused with primal strength.
The hobgoblin shouts!
The gnoll hits you from afar with a +0 spear!
The gnoll hits you with a +0 spear!
You closely miss the gnoll. Your grab misses the gnoll.
The gnoll hits you with a +0 spear!
* * * LOW HITPOINT WARNING * * *
You tentacle-slap the gnoll. Your grab misses the gnoll.
The gnoll is heavily wounded.
The gnoll hits you with a +0 spear.
* * * LOW HITPOINT WARNING * * *
The gnoll barely misses you.
Unknown command.
The hobgoblin reads a scroll.
Wisps of shadow swirl around the hobgoblin.
The gnoll hits you from afar with a +0 spear.
* * * LOW HITPOINT WARNING * * *
You tentacle-slap the goblin.
You kill the goblin!
The goblin's corpse dissolves into shadows!
The gnoll barely misses you.
You barely miss the hobgoblin. Your grab misses the hobgoblin.
You pierce the hobgoblin.
The hobgoblin is heavily wounded.
The hobgoblin barely misses you.
The gnoll hits you from afar with a +0 spear.
You die...

Skill      XL: |  1  2  3  4  5  6 |
---------------+-------------------+-----
Transmutations | 3 4 |  4.5
Fighting       | 2 |  2.9
Ice Magic      | 1 2 |  2.2
Unarmed Combat | 4 |  4.1
Dodging        | |  2.0
Spellcasting   | |  2.0

Action                   |  1- 3 |  4- 6 || total
-------------------------+-------+-------++-------
Melee: Unarmed           |    72 |    86 ||   158
       Constrict         |    17 |    21 ||    38
       Kick              |    11 |    14 ||    25
       Tentacles         |    12 |    15 ||    27
       Punch             |     3 |     8 ||    11
 Cast: Beastly Appendage |    10 |     8 ||    18
       Ice Form          |       |     2 ||     2
       Wereblood         |       |     3 ||     3
  Use: Scroll            |       |     3 ||     3
 Stab: Sleeping          |     2 |     5 ||     7
Armor: Skin              |     4 |     3 ||     7
Dodge: Dodged            |    40 |    35 ||    75

Levels and vault maps discovered:
D:1:      dpeg_arrival_three_smaller_balls, layout_basic,
          dreamdust_ecumenical_altar_statues, nicolae_wormholes
D:2:      layout_basic, minmay_misc_feat_tower, uniq_natasha, uniq_jessica
D:3:      layout_basic, nemelex_dance_club_becter, serial_shops,
          nicolae_shop_temple_entry_statues_fountains, st_stairs_9,
          grunt_ministairs_3, amcnicky_mini_corridor_feature
D:4:      layout_basic, nicolae_overflow_hallway_of_the_gods,
          chequers_serial_rivers_small_b, chequers_garden, uniq_eustachio

Notes
Turn   | Place    | Note
-------+----------+-------------------------------------------
     0 | D:1      | Raultor the Octopode Transmuter began the quest for the
                  | Orb.
     0 | D:1      | Reached XP level 1. HP: 13/13 MP: 3/3
   121 | D:1      | Reached XP level 2. HP: 18/18 MP: 3/5
   271 | D:1      | Found a faded altar of an unknown god.
   390 | D:1      | Reached XP level 3. HP: 19/23 MP: 4/6
   452 | D:1      | Learned a level 2 spell: Wereblood
   629 | D:2      | Reached skill level 3 in Transmutations
   818 | D:2      | Noticed Natasha
   823 | D:2      | Killed Natasha
   824 | D:2      | Reached skill level 2 in Fighting
   824 | D:2      | Reached XP level 4. HP: 29/29 MP: 5/7
   965 | D:2      | Noticed Jessica
   984 | D:2      | Learned a level 4 spell: Ice Form
  1299 | D:2      | Killed Jessica
  1456 | D:2      | Noticed Natasha
  1467 | D:2      | Killed Natasha
  1468 | D:2      | Reached XP level 5. HP: 27/35 MP: 6/8
  1641 | D:3      | Found Zaigyat's Assorted Antiques.
  1697 | D:3      | Reached skill level 4 in Transmutations
  1697 | D:3      | Reached skill level 1 in Ice Magic
  2775 | D:3      | Reached XP level 6. HP: 39/41 MP: 9/9
  2783 | D:3      | Found a sparkling altar of Nemelex Xobeh.
  2809 | D:4      | Noticed an ice beast
  2851 | D:4      | Killed an ice beast
  2852 | D:4      | Reached skill level 4 in Unarmed Combat
  2852 | D:4      | Reached skill level 2 in Ice Magic
  3019 | D:4      | HP: 3/41 [gnoll/+0 spear (6)]
  3021 | D:4      | Slain by a gnoll

Vanquished Creatures
  An ice beast (D:4)
  Jessica (D:2)
  An orc wizard (D:3)
  Natasha (twice) (D:2)
  3 gnolls (D:3)
  2 adders
  4 worms
  7 orcs
  6 endoplasms
  5 giant cockroaches
  7 goblins
  5 hobgoblins
  2 jackals (D:1)
  2 quokkas
  4 ball pythons (D:1)
  5 bats
  6 frilled lizards
  5 kobolds
  5 rats
73 creatures vanquished.

Table legend: (Time is in decaauts)
 A = Elapsed time spent in this place.
 B = Non-inter-level travel time spent in this place.
 C = Inter-level travel time spent in this place.
 D = Time resting spent in this place.
 E = Time spent auto-exploring this place.
 F = Levels seen in this place.
 G = Mean time per level.
                   A        B        C        D        E       F      G
               +--------+--------+--------+--------+--------+-----+--------+
         Total |   3010 |   2973 |     37 |    302 |   1998 |   4 |  752.5 |
       Dungeon |   3010 |   2973 |     37 |    302 |   1998 |   4 |  752.5 |
               +--------+--------+--------+--------+--------+-----+--------+

Top non-repeatable levels by time:
     D:3: 1281 daAuts
     D:2: 936 daAuts
     D:1: 617 daAuts
     D:4: 176 daAuts

Table legend:
 A = Non-vault XP
 B = Vault XP
 C = Vault XP percentage of total XP
 D = Non-vault monster count
 E = Vault monster count
 F = Vault count percentage of total count
                 A         B        C        D         E       F
            +---------+---------+-------+---------+---------+-------
      Total |     373 |      90 |  19.4 |      64 |       9 |  12.3
            +---------+---------+-------+---------+---------+-------
        D:1 |      42 |       5 |  10.6 |      27 |       1 |   3.6
        D:2 |      53 |      72 |  57.6 |      12 |       2 |  14.3
        D:3 |     136 |      13 |   8.7 |      21 |       6 |  22.2
        D:4 |     142 |       0 |   0.0 |       4 |       0 |   0.0
            +---------+---------+-------+---------+---------+-------
